AoeStats
← Charlitos22

Arena

507167735Analyzed
1v1 RM · 16d ago on Sep 16, 2026· 51m 13s· 2 players
Game mode
Random Map
Map size
Tiny (2 player)
Population
200
Speed
Normal
Resources
Standard
Victory
Conquest
Starting age
Dark Age
Ending age
Imperial Age
RankedLock teamsTeams togetherTeam positionsShared explorationLock speedFull tech treeHidden civsTurbo modeCheats
Victory
Defeat
🇨🇱 Britons · Chile
673
+16
🇹🇷 Khmer · Türkiye
681
-16
Charlitos22
10:51 Feudal Age
14:48 Castle Age
13:22 Double-Bit Axe
16:19 Town Watch
16:21 Loom
18:20 Bow Saw
20:31 Fervor
23:24 Horse Collar
24:23 Gold Mining
24:26 Stone Mining
25:30 Wheelbarrow
26:33 Treadmill Crane
27:14 Ballistics
27:15 Fletching
27:26 Padded Archer Armor
27:37 Forging
30:06 Imperial Age
28:45 Hand Cart
28:38 Town Patrol
29:01 Leather Archer Armor
29:52 Gold Shaft Mining
29:07 Pikeman
29:48 Squires
30:16 Halberdier
33:29 Crossbowman
36:07 Conscription
36:27 Bodkin Arrow
37:03 Ring Archer Armor
36:52 Arbalester
39:37 Bracer
40:39 Chemistry
41:01 Two-Man Saw
40:51 Elite Longbowman
43:37 Iron Casting
45:34 Yeomen
50:38 Cavalier
mehmet.eroztoprak
7:24 Loom
11:21 Feudal Age
11:34 Feudal Age
17:51 Castle Age
16:23 Horse Collar
16:38 Double-Bit Axe
22:50 Forging
22:47 Scale Barding Armor
23:51 Elite Skirmisher
25:10 Husbandry
25:15 Scale Mail Armor
26:32 Loom
29:13 Pikeman
30:14 Chain Mail Armor
35:54 Imperial Age
36:13 Cavalier
41:30 Halberdier
42:36 Murder Holes
43:42 Chemistry
Connection lost

Rejoining the realm…

Still unreachable

The connection could not be restored.

Session expired

The server has moved on; the page needs a fresh start.